 Dungeon Crawl Stone Soup version 0.27-a0-1188-g73eefd5def (webtiles) character file.

Game seed: 3307071154229898358

144 ZappyNine the Magician (level 5, -1/40 HPs)
             Began as a Djinni Air Elementalist on May 21, 2021.
             Slain by a goblin
             ... wielding a +0 club
             ... led by Robin
              (3 damage)
             ... on level 3 of the Dungeon.
             The game lasted 00:03:14 (3689 turns).

ZappyNine the Magician (Djinni Air Elementalist)    Turns: 3689, Time: 00:03:14

Health: -1/40      AC:  2    Str:  7    XL:     5   Next: 51%
Gold:   104        EV: 12    Int: 18    God:
                   SH:  0    Dex: 13

rFire    + + .     SeeInvis .   c - +0 short sword
rCold    x . .     Faith    .   (no shield)
rNeg     . . .     Spirit   .   a - +0 robe
rPois    ∞         Reflect  .   (no helmet)
rElec    .         Harm     .   (no cloak)
rCorr    .         Rampage  .   (no gloves)
Will     .....     Rnd*Rage +   (boots unavailable)
Stlth    ++........             (no amulet)
HPRegen  0.13/turn              (no ring)
MPRegen  0.00/turn              (no ring)

@: attractive, flying
A: sickness immunity, fire resistance 2, cold vulnerability 1, float, innate
caster, hp casting, extra vitality 1, berserk 1, subdued magic 1
a: no special abilities


You were on level 3 of the Dungeon.
You visited 1 branch of the dungeon, and saw 3 of its levels.

You collected 104 gold pieces.

Inventory:

Hand Weapons
 c - a +0 short sword (weapon)
Armour
 a - a +0 robe (worn)
Scrolls
 b - a scroll of noise {unknown}
 f - a scroll of immolation {unknown}
 g - 2 scrolls of identify {unknown}
 i - a scroll of summoning {unknown}
 j - a scroll of enchant weapon {unknown}
Potions
 h - 2 potions of haste {unknown}


   Skills:
 + Level 2.9 Fighting
 - Level 2.3 Dodging
 - Level 1.7 Stealth
 + Level 3.6 Spellcasting


You couldn't memorise any spells.
You knew the following spells:

 Your Spells              Type           Power      Damage    Failure   Level
a - Shock                 Conj/Air       48%        1d6       2%          1
b - Static Discharge      Conj/Air       12%        N/A       4%          2
c - Swiftness             Air            12%        N/A       9%          3
d - Airstrike             Air            6%         N/A       30%         4
e - Lightning Bolt        Conj/Air       6%         1d18      63%         5
f - Pain                  Necr           48%        1d6       2%          1
g - Ensorcelled Hibernat  Hex/Ice        24%        N/A       4%          2
Your spell library was empty.

Dungeon Overview and Level Annotations

Branches:
Dungeon (3/15)

Altars:
Gozag

Annotations:
D:3 Grinder


Innate Abilities, Weirdness & Mutations

You are immune to sickness and miasma.
You are immune to poison.
Your flesh is very heat resistant. (rF++)
You are vulnerable to cold. (rC-)
You float through the air rather than walking.
You learn spells naturally, not from books.
Your magical power is your life essence.
You have superior vitality. (+4 HP)
You tend to lose your temper in combat.
Your spells are a little easier to cast, but a little less powerful.


Message History

Confirm with . or Enter, or press ? or * to list all spells.
Robin is struck by an arc of lightning.
You kill Robin!
You are struck by an arc of lightning.
The lightning grounds out.
The goblin barely misses you.
Grinder blinks!
Unknown command.
Unknown command.
Unknown command.
You hit the goblin but do no damage.
The goblin is severely wounded.
The goblin hits you with a +0 club.
* * * LOW HITPOINT WARNING * * *
The goblin barely misses you.
Unknown command.
You closely miss the goblin.
The goblin is severely wounded.
The goblin hits you with a +0 club.
* * * LOW HITPOINT WARNING * * *
The goblin hits you with a +0 club.
* * * LOW HITPOINT WARNING * * *
Unknown command.
Casting: Static Discharge (safe; 5% risk of failure)
Confirm with . or Enter, or press ? or * to list all spells.
Aiming: Shock (safe; 3% risk of failure)
Press: ? - help, Shift-Dir - straight line, f - you
Okay, then.
Unknown command.
Casting: Shock (safe; 3% risk of failure)
Confirm with . or Enter, or press ? or * to list all spells.
Okay, then.
Unknown command.
It was a potion of attraction.
You feel attractive to monsters. The goblin hits you with a +0 club.
* * * LOW HITPOINT WARNING * * *
The goblin barely misses you.
It was a potion of mutation.
You feel extremely strange.
Your connection to magic feels subdued.
You feel a little pissed off. The goblin barely misses you.
The goblin hits you with a +0 club.
You die...

#...<.......#
..........###
........... ##.g...#
#.gg# #..#g# #.. #g#
## #g# #@# #g#
####.#############...
##........<.##......#
##..............#
#..............##
#..............#
#..............#
#..............#


You could see 2 hobgoblins and 5 goblins.

Vanquished Creatures
  Natasha (thrice) (D:2)
  Robin (D:3)
  2 adders
  3 endoplasms
  5 giant cockroaches
  7 hobgoblins
  2 jackals (D:2)
  2 ball pythons
  2 frilled lizards
  5 goblins
  4 kobolds (D:1)
  7 rats
43 creatures vanquished.

Notes
Turn   | Place    | Note
-------+----------+-------------------------------------------
     0 | D:1      | ZappyNine the Djinni Air Elementalist began the quest for
                  | the Orb.
     0 | D:1      | Reached XP level 1. HP: 15/15 MP: 0/0
   471 | D:1      | Reached XP level 2. HP: 10/21 MP: 0/0
  1558 | D:1      | Found a faded altar of an unknown god.
  2171 | D:2      | Noticed Natasha
  2178 | D:2      | Noticed a crimson imp
  2183 | D:2      | Noticed a crimson imp
  2202 | D:1      | Reached skill level 1 in Fighting
  2202 | D:1      | Reached XP level 3. HP: 15/27 MP: 0/0
  2202 | D:1      | Learned a level 1 spell: Pain
  2339 | D:2      | Killed Natasha
  2340 | D:2      | Reached skill level 3 in Spellcasting
  2340 | D:2      | Reached XP level 4. HP: 20/33 MP: 0/0
  2434 | D:2      | Noticed Natasha
  2448 | D:2      | Killed Natasha
  2619 | D:2      | Noticed Natasha
  2624 | D:2      | Killed Natasha
  2625 | D:2      | Reached XP level 5. HP: 28/39 MP: 0/0
  2625 | D:2      | Learned a level 2 spell: Ensorcelled Hibernation
  3333 | D:2      | Found an opulent altar of Gozag.
  3666 | D:3      | Noticed Robin
  3683 | D:3      | Noticed Grinder
  3685 | D:3      | Killed Robin
  3688 | D:3      | HP: 1/40 [goblin/+0 club[Robin] (5)]
  3689 | D:3      | Gained mutation: Your spells are a little easier to cast,
                  | but a little less powerful. [potion of mutation]
  3689 | D:3      | Gained mutation: You tend to lose your temper in combat.
                  | [potion of mutation]
  3689 | D:3      | Slain by a goblin

Illustrated notes

Levels and vault maps discovered:
D:1:      dpeg_arrival_stonehenge_8_columns, layout_basic,
          ebering_ecumenical_altar_webs
D:2:      layout_basic, basic_altar, minmay_stone_trees_large, minmay_tripent,
          uniq_natasha
D:3:      layout_rooms, tso_altar, serial_shops, shop, minmay_misc_feat_chi,
          minmay_misc_feat_cross, uniq_grinder, uniq_ijyb, uniq_robin

Skill      XL: |  1  2  3  4 |
---------------+-------------+-----
Fighting       | 1 2 |  2.9
Spellcasting   | 3 |  3.6
Dodging        | |  2.3
Stealth        | |  1.7

Action                   |  1- 3 |  4- 6 || total
-------------------------+-------+-------++-------
Melee: Short sword       |    63 |    47 ||   110
 Cast: Shock             |    20 |     9 ||    29
       Static Discharge  |     5 |     7 ||    12
       Ensorcelled Hiber |       |     5 ||     5
  Use: Potion            |     1 |     2 ||     3
 Stab: Sleeping          |     1 |     2 ||     3
Armor: Robe              |    12 |     4 ||    16
Dodge: Dodged            |    49 |    52 ||   101

Table legend: (Time is in decaauts)
 A = Elapsed time spent in this place.
 B = Non-inter-level travel time spent in this place.
 C = Inter-level travel time spent in this place.
 D = Time resting spent in this place.
 E = Time spent auto-exploring this place.
 F = Levels seen in this place.
 G = Mean time per level.
                   A        B        C        D        E       F      G
               +--------+--------+--------+--------+--------+-----+--------+
         Total |   3700 |   3680 |     20 |   1497 |   1841 |   3 | 1233.3 |
       Dungeon |   3700 |   3680 |     20 |   1497 |   1841 |   3 | 1233.3 |
               +--------+--------+--------+--------+--------+-----+--------+

Top non-repeatable levels by time:
     D:1: 2204 daAuts
     D:2: 1332 daAuts
     D:3: 163 daAuts
